2321 views
Uploaded 2021-08-30 13:36:58
Game version 1.32.10
23:22 long 1on1 ladder game on (2)LastRefuge
Saved by xzz
2321 views
Uploaded 2021-08-30 13:36:58
Game version 1.32.10
23:22 long 1on1 ladder game on (2)LastRefuge

26 units @ 3.1k
/ 0.5k
29 buildings @ 3.7k
/ 2.1k

| Lesser Clarity Potion | 8 | 560 |
| Scroll of Speed | 2 | 100 |
| Healing Salve | 3 | 300 |
| Potion of Healing | 2 | 300 |
| Orb of Lightning | 1 | 375 |
| Tiny Great Hall | 1 | 600 |
| Potion of Lesser Invulnerability | 1 | 150 |
| Potion of Invisibility | 1 | 100 |
| total: | 19 | 2485g |
| Peon | 13 | 975 | / | 0 |
| Troll Batrider | 13 | 2080 | / | 520 |
| total: | 26 | 3055g | / | 520w |
| Watch Tower | 19 | 2090 | / | 1520 |
| Altar of Storms | 1 | 180 | / | 50 |
| Orc Burrow | 4 | 640 | / | 160 |
| Voodoo Lounge | 1 | 130 | / | 30 |
| War Mill | 1 | 205 | / | 0 |
| Barracks | 1 | 180 | / | 50 |
| Beastiary | 2 | 290 | / | 280 |
| Stronghold | 1 | 315 | / | 190 |
| Fortress | 1 | 325 | / | 190 |
| total: | 29 | 3715g | / | 2090w |
| 0:05 | Peon |
| 0:05 | Peon |
| 0:09 | Altar of Storms |
| 0:12 | Orc Burrow |
| 0:42 | Peon |
| 0:53 | Voodoo Lounge |
| 0:54 | Peon |
| 1:05 | Peon |
| 1:29 | Peon |
| 1:30 | Peon |
| 2:03 | Stronghold |
| 2:08 | Lesser Clarity Potion |
| 2:08 | Scroll of Speed |
| 2:12 | Wind Walk |
| 2:32 | War Mill |
| 3:46 | Watch Tower |
| 3:52 | Watch Tower |
| 3:56 | Watch Tower |
| 3:58 | Spiked Barricades |
| 4:41 | Watch Tower |
| 4:42 | Peon |
| 4:43 | Peon |
| 5:10 | Beastiary |
| 5:14 | Lesser Clarity Potion |
| 5:15 | Scroll of Speed |
| 5:17 | Lesser Clarity Potion |
| 5:18 | Healing Salve |
| 5:24 | Peon |
| 5:25 | Peon |
| 5:45 | Lesser Clarity Potion |
| 5:51 | Beastiary |
| 5:57 | Orc Burrow |
| 6:02 | Peon |
| 6:02 | Peon |
| 7:19 | Troll Batrider |
| 7:20 | Fortress |
| 7:24 | Orc Burrow |
| 7:30 | Troll Batrider |
| 7:46 | Potion of Healing |
| 7:47 | Lesser Clarity Potion |
| 7:51 | Healing Salve |
| 8:00 | Reinforced Defenses |
| 8:14 | Troll Batrider |
| 8:45 | Troll Batrider |
| 8:46 | Troll Batrider |
| 9:11 | Orc Burrow |
| 9:13 | Steel Ranged Weapons |
| 9:21 | Troll Batrider |
| 9:45 | Liquid Fire |
| 9:45 | Troll Batrider |
| 10:01 | Thorium Ranged Weapons |
| 10:07 | Lesser Clarity Potion |
| 10:17 | Troll Batrider |
| 10:53 | Orb of Lightning |
| 11:10 | Watch Tower |
| 11:55 | Troll Batrider |
| 12:32 | Troll Batrider |
| 13:18 | Troll Batrider |
| 13:23 | Lesser Clarity Potion |
| 13:26 | Critical Strike |
| 14:07 | Barracks |
| 14:10 | Arcanite Ranged Weapons |
| 14:13 | Troll Batrider |
| 14:48 | Healing Salve |
| 14:50 | Lesser Clarity Potion |
| 15:32 | Steel Armor |
| 15:38 | Troll Batrider |
| 15:47 | Troll Regeneration |
| 16:33 | Improved Spiked Barricades |
| 16:35 | Potion of Healing |
| 16:47 | Tiny Great Hall |
| 17:16 | Potion of Lesser Invulnerability |
| 17:20 | Potion of Invisibility |
| 17:50 | Watch Tower |
| 17:52 | Watch Tower |
| 17:53 | Watch Tower |
| 17:54 | Watch Tower |
| 17:55 | Watch Tower |
| 17:58 | Watch Tower |
| 17:59 | Watch Tower |
| 18:00 | Watch Tower |
| 18:00 | Watch Tower |
| 18:01 | Watch Tower |
| 18:54 | Thorium Armor |
| 20:31 | Wind Walk |
| 20:45 | Arcanite Armor |
| 21:06 | Watch Tower |
| 21:07 | Watch Tower |
| 21:08 | Watch Tower |
| 21:09 | Watch Tower |
| 22:24 | Mirror Image |
| Right click | 1089 |
| Select | 315 |
| Build/train/purchase | 132 |
| Select group | 71 |
| Assign group | 23 |
| Use ability | 14 |
| Misc. action | 1 |
| Esc | 1 |
/ 0.3k
15 buildings @ 1.9k
/ 0.7k


| Peasant | 10 | 750 | / | 0 |
| Footman | 3 | 405 | / | 0 |
| Rifleman | 5 | 1025 | / | 150 |
| Flying Machine | 2 | 200 | / | 60 |
| Mortar Team | 2 | 360 | / | 140 |
| total: | 22 | 2740g | / | 350w |
| Barracks | 2 | 320 | / | 120 |
| Altar of Kings | 1 | 180 | / | 50 |
| Farm | 8 | 640 | / | 160 |
| Blacksmith | 1 | 140 | / | 60 |
| Lumber Mill | 1 | 120 | / | 0 |
| Town Hall | 1 | 385 | / | 205 |
| Workshop | 1 | 140 | / | 140 |
| Keep | 1 | 320 | / | 210 |
| Castle | 1 | 360 | / | 210 |
| total: | 15 | 1925g | / | 735w |
| 0:05 | Peasant |
| 0:05 | Peasant |
| 0:15 | Barracks |
| 0:20 | Altar of Kings |
| 0:23 | Peasant |
| 0:30 | Farm |
| 0:42 | Peasant |
| 1:08 | Farm |
| 1:18 | Footman |
| 1:28 | Footman |
| 1:44 | Farm |
| 1:46 | Peasant |
| 1:56 | Footman |
| 2:27 | Farm |
| 3:03 | Peasant |
| 3:42 | Peasant |
| 4:02 | Keep |
| 4:06 | Blacksmith |
| 4:20 | Farm |
| 5:13 | Farm |
| 5:29 | Rifleman |
| 5:29 | Rifleman |
| 5:47 | Storm Bolt |
| 5:55 | Farm |
| 5:59 | Rifleman |
| 6:23 | Peasant |
| 6:47 | Rifleman |
| 6:56 | Farm |
| 7:14 | Rifleman |
| 7:16 | Peasant |
| 7:30 | Workshop |
| 8:23 | Holy Light |
| 8:39 | Flying Machine |
| 8:45 | Peasant |
| 10:03 | Castle |
| 10:21 | Barracks |
| 10:28 | Thunder Clap |
| 11:21 | Lumber Mill |
| 12:17 | Devotion Aura |
| 12:41 | Town Hall |
| 12:45 | Flying Machine |
| 13:31 | Mortar Team |
| 13:32 | Mortar Team |
| 13:58 | Storm Bolt |
| Right click | 253 |
| Select | 222 |
| Misc. action | 39 |
| Build/train/purchase | 33 |
| Use ability | 21 |
| Remove unit | 3 |